 Dungeon Crawl Stone Soup version 0.31-a0-1074-g0b22e4e0f1 (webtiles) character file.

Game seed: 97774527378033779

65 BigPumpCobain the Ruffian (level 3, -1/29 HPs)
             Began as a Draconian Shapeshifter on Dec 4, 2023.
             Slain by a cerulean imp
             ... wielding a +2 spear
             ... summoned by Natasha
              (3 damage)
             ... on level 2 of the Dungeon.
             The game lasted 00:02:08 (1590 turns).

BigPumpCobain the Ruffian (Draconian Shapeshifter)  Turns: 1590, Time: 00:02:09

Health: -1/29      AC:  5    Str: 18    XL:     3   Next: 94%
Magic:  3/3        EV: 12    Int: 10    God:
Gold:   144        SH:  0    Dex: 10    Spells: 2/2 levels left

rFire   . .          .
                       - Unarmed
rCold   . . .        (no shield)
rNeg    . . .        (body armour unavailable)
rPois   .            (helmet currently unavailable)
rElec   .            (cloak currently unavailable)
rCorr   .            (gloves currently unavailable)
SInv    .            (boots currently unavailable)
Will    .....        (no amulet)
Stlth   +            (no ring)
HPRegen 0.24/turn    (no ring)
MPRegen 0.08/turn

%: no passive effects
@: beast-form, slowed, very slow
A: beast (slay +1), AC +5, unfitting armour, cold-blooded
a: Begin Untransformation


You were on level 2 of the Dungeon.
You were a hulking beast.
You visited 1 branch of the dungeon, and saw 2 of its levels.

You collected 144 gold pieces.

Inventory:

Hand Weapons
 e - a +0 dagger of draining
Jewellery
 h - a ring of magical power
Talismans
 b - a beast talisman
 c - a flux talisman
Wands
 j - a wand of quicksilver (6)
Scrolls
 i - a scroll of identify {unknown}
 k - a scroll of summoning {unknown}
Potions
 a - a potion of lignification
 d - a potion of magic {unknown}
 f - a potion of berserk rage {unknown}
 g - a potion of heal wounds {unknown}


   Skills:
 + Level 2.3 Fighting
 + Level 2.4 Dodging
 * Level 4.0 Unarmed Combat
 - Level 3.0 Shapeshifting


You had 2 spell levels left.
You didn't know any spells.
Your spell library contained the following spells:

 Spells                   Type           Power      Damage    Failure   Level
 Sandblast                Erth           0%         2d4       36%         1
 Passwall                 Tmut/Erth      0%         N/A       50%         2
 Stone Arrow              Conj/Erth      0%         3d7       75%         3
 Brom's Barrelling Bould  Conj/Erth      0%         2d3       98%         4


Dungeon Overview and Level Annotations

Branches:
Dungeon (2/15)

Altars:

Annotations:
D:2 Natasha


Innate Abilities, Weirdness & Mutations

You are a hulking beast.
Your limbs bulge with bestial killing power. (Slay +1)
Your plain brown scales are hard. (AC +5)
You cannot fit into any form of body armour.
You are cold-blooded and may be slowed by cold attacks.


Message History

Natasha stares at you and mumbles some strange words.
You feel yourself slow down.
You hit Natasha. Your punch misses Natasha.
Natasha is lightly wounded.
Natasha claws you.
You hit Natasha but do no damage.
Natasha is lightly wounded.
Natasha closely misses you. Natasha casts a spell at you.
The magic dart hits you.
You are too injured to fight recklessly!
You are too injured to fight recklessly!
You are too injured to fight recklessly!
You are too injured to fight recklessly!
You are too injured to fight recklessly!
You are too injured to fight recklessly!
You are too injured to fight recklessly!
You are too injured to fight recklessly!
You are too injured to fight recklessly!
You closely miss Natasha.
Your tail-slap misses Natasha.
Natasha is lightly wounded.
Natasha mumbles some strange words.
You hit Natasha but do no damage.
Natasha is lightly wounded.
Natasha casts a spell at you. The magic dart hits you.
You hit Natasha but do no damage.
Natasha is lightly wounded.
Natasha claws you.
* * * LOW HITPOINT WARNING * * *
The cerulean imp hits you but does no damage.
Natasha barely misses you. The cerulean imp barely misses you.
You miss Natasha.
Natasha is lightly wounded.
Natasha closely misses you.
The cerulean imp hits you from afar with a +2 spear.
* * * LOW HITPOINT WARNING * * *
You miss Natasha. Natasha misses you.
The cerulean imp hits you from afar with a +2 spear.
You die...

### ..######## #........##
#..###....#######
.....#.#........#
.###.#.###...[..# .#
#.#...'......##### .#
#.#####..<...hh5.# .# #.#
#.#......#...# .#
#.###.#.###.########### .#
#.....#.# #..^.^......# ##
##....#.###..._.#####.# ##
#...........#.^..####.# .#
#....##.#####[#.....#.######
##
#....##.#####.#.###.#......#
#....##.......#.# ######.#


You could see Natasha and a cerulean imp (summoned).

Vanquished Creatures
  An adder (D:2)
  A worm (D:2)
  4 ball pythons (D:1)
  4 bats
  7 endoplasms
  4 giant cockroaches
  3 goblins
  4 hobgoblins
  2 jackals (D:2)
  6 kobolds
  3 quokkas (D:1)
  2 frilled lizards
  5 rats
46 creatures vanquished.

Notes
Turn   | Place    | Note
-------+----------+-------------------------------------------
     0 | D:1      | BigPumpCobain the Draconian Shapeshifter began the quest
                  | for the Orb.
     0 | D:1      | Reached XP level 1. HP: 16/16 MP: 1/1
   140 | D:1      | Reached XP level 2. HP: 16/23 MP: 2/2
   888 | D:2      | Reached XP level 3. HP: 29/29 MP: 3/3
  1401 | D:2      | Found a faded altar of an unknown god.
  1467 | D:2      | Reached skill level 4 in Unarmed Combat
  1578 | D:2      | Noticed Natasha
  1589 | D:2      | HP: 1/29 [cerulean imp/+2 spear[Natasha] (5)]
  1590 | D:2      | Slain by a cerulean imp

Illustrated notes

Levels and vault maps discovered:
D:1:      spicycebolla_arrival_xxxplode, layout_loops_ring
D:2:      layout_basic, ebering_ecumenical_altar_webs, uniq_natasha

Skill      XL: |  1  2  3 |
---------------+----------+-----
Dodging        | 2 |  2.4
Fighting       | 2 |  2.3
Unarmed Combat | 4 |  4.0
Shapeshifting  | |  3.0

Action                     || total
---------------------------++-------
  Melee: Unarmed           ||   131
         Tailslap          ||    12
         Punch             ||     4
   Stab: Sleeping          ||     1
 Armour: Skin              ||    56
  Dodge: Dodged            ||    64

Table legend: (Time is in decaauts)
 A = Elapsed time spent in this place.
 B = Non-inter-level travel time spent in this place.
 C = Inter-level travel time spent in this place.
 D = Time resting spent in this place.
 E = Time spent auto-exploring this place.
 F = Levels seen in this place.
 G = Mean time per level.
                   A        B        C        D        E       F      G
               +--------+--------+--------+--------+--------+-----+--------+
         Total |   1585 |   1563 |     22 |     65 |   1228 |   2 |  792.5 |
       Dungeon |   1585 |   1563 |     22 |     65 |   1228 |   2 |  792.5 |
               +--------+--------+--------+--------+--------+-----+--------+

Top non-repeatable levels by time:
     D:1: 876 daAuts
     D:2: 708 daAuts
